 Dungeon Crawl Stone Soup version 0.32-a0-928-g1cae6b7ea0 (webtiles) character file.

Game seed: 2524880320624871605

130 Esekla the Magician (level 4, -3/32 HPs)
             Began as a Demonspawn Wanderer on Apr 13, 2024.
             Succumbed to a kobold brigand's poison
             ... on level 3 of the Dungeon.
             The game lasted 00:14:35 (2348 turns).

Esekla the Magician (Demonspawn Wanderer)           Turns: 2348, Time: 00:14:36

Health: -3/32      AC:  4    Str:  9    XL:     4   Next: 90%
Magic:  8/10       EV: 10    Int: 16    God:
Gold:   150        SH:  5    Dex: 14    Spells: 8/12 levels left

rFire   . . .        j - +2 dagger (holy)
rCold   . . .        b - +1 buckler
rNeg    . . .        d - +0 robe
rPois   .            (no helmet)
rElec   .            (no cloak)
rCorr   .            (no gloves)
SInv    .            (no boots)
Will    .....        (no amulet)
Stlth   +            (no ring)
HPRegen 0.25/turn    (no ring)
MPRegen 0.12/turn

%: no passive effects
@: lethally poisoned (-3 -> -19), weak-willed
A: claws 2, thin metallic scales 1
a: no special abilities


You were on level 3 of the Dungeon.
You visited 1 branch of the dungeon, and saw 3 of its levels.

You collected 150 gold pieces.

Inventory:

Hand Weapons
 e - a +0 trident
 j - a +2 dagger of holy wrath (weapon)
Missiles
 i - a throwing net
 n - 4 poisoned darts
Armour
 b - a +1 buckler (worn)
 d - a +0 robe (worn)
Jewellery
 o - a +5 ring of evasion
Potions
 c - a potion of invisibility
 l - a potion of cancellation
 m - a potion of attraction


   Skills:
 * Level 1.1 Fighting
 + Level 3.3 Short Blades
 + Level 0.7 Dodging
 + Level 0.4 Stealth
 + Level 1.1 Shields
 * Level 4.5 Spellcasting
 * Level 1.2 Conjurations
 * Level 0.7 Ice Magic
 * Level 1.2 Air Magic
 + Level 1.0 Evocations


You had 8 spell levels left.
You knew the following spells:

 Your Spells              Type           Power      Damage    Failure   Level
a - Ozocubu's Armour      Ice            6%         N/A       45%         3
b - Shock                 Conj/Air       28%        1d4       14%         1

Your spell library contained the following spells:

 Spells                   Type           Power      Damage    Failure   Level
 Inner Flame              Hex/Fire       3%         N/A       58%         3
 Passwall                 Erth           3%         N/A       58%         3


Dungeon Overview and Level Annotations

Branches:
Dungeon (3/15)

Altars:
Kikubaaqudgha
Okawaru

Shops:
D:1 *


Innate Abilities, Weirdness & Mutations

You have very sharp fingernails.
You are partially covered in thin metallic scales. (AC +2)


Message History

You hit the kobold brigand but do no damage.
The kobold brigand is lightly wounded.
You flicker back into view.
As you read the scroll labelled REGEWK JISUNONG, it crumbles to dust.
It is a scroll of identify.
l - a potion of cancellation The kobold brigand hits you with a +2 dagger of venom.
* * * LOW HITPOINT WARNING * * *
You are lethally poisoned!
It was a potion of curing.
You feel better.
The kobold brigand hits you but does no damage.
You are poisoned.
Okay, then.
As you read the scroll of identify, it crumbles to dust.
m - a potion of attraction You feel sick.
The kobold brigand barely misses you.
As you read the scroll labelled VODGHO ALLU, it dissolves into smoke.
It was a scroll of fog.
You feel sick.
The kobold brigand hits you with a +2 dagger of venom.
You are lethally poisoned!
Okay, then.
As you read the scroll labelled HOUCHA QEROI, it crumbles to dust.
A wave of despondency washes over your surroundings.
It was a scroll of vulnerability.
* * * LOW HITPOINT WARNING * * *
You feel very sick.
The kobold brigand hits you but does no damage.
You are more poisoned.
As you read the scroll labelled COMAEF YLUCHE, it crumbles to dust.
It is a scroll of enchant armour.
Your +0 buckler glows green for a moment.
* * * LOW HITPOINT WARNING * * *
You feel very sick.
The kobold brigand hits you with a +2 dagger of venom.
* * * LOW HITPOINT WARNING * * *
Your magical contamination has completely faded away.
As you read the scroll labelled VOEKAR AGOURI, it crumbles to dust.
You hear a loud clanging noise!
It was a scroll of noise.
You die...

####### ###############
##......
#######.............#
#...>...
........###########.#
#..####. #########
########.#### #..# #.
#..KK@§§....###..####.
###..§##§§.............)
#.....).§#.##.###.......
####.##.)####.##.#
##....##
#....~#..####.##.#
###..#
#.##~~#..##......# #..#
# ##~≈##).#......# #..#
#~~~≈#..#......# #..#
#~~≈≈#..#.....## #..#


You could see 2 kobold brigands.

Vanquished Creatures
  5 adders
  2 dart slugs (D:3)
  A ribbon worm (D:2)
  3 ball pythons (D:3)
  5 bats
  7 endoplasms
  A giant cockroach (D:1)
  9 goblins
  7 hobgoblins
  7 jackals
  2 quokkas (D:2)
  4 frilled lizards
  3 frilled lizard zombies (D:3)
  10 kobolds
  10 rats
76 creatures vanquished.

Notes
Turn   | Place    | Note
-------+----------+-------------------------------------------
     0 | D:1      | Esekla the Demonspawn Wanderer began the quest for the Orb.
     0 | D:1      | Esekla set off with the following items: a +0 short sword,
                  | a +0 buckler, a potion of invisibility, a +0 robe; and the
                  | following spell memorised: Shock; and the following spells
                  | available to memorise: Inner Flame, Ozocubu's Armour,
                  | Passwall.
     0 | D:1      | Reached XP level 1. HP: 13/13 MP: 5/5
   258 | D:1      | Found Nurea's Assorted Antiques.
   288 | D:1      | Gained mutation: You are partially covered in thin metallic
                  | scales. (AC +2) [demonic ancestry]
   288 | D:1      | Reached XP level 2. HP: 18/19 MP: 7/7
   813 | D:2      | Found a faded altar of an unknown god.
   865 | D:2      | Gained mutation: You have sharp fingernails. [demonic
                  | ancestry]
   865 | D:2      | Reached XP level 3. HP: 25/25 MP: 5/8
   869 | D:2      | Learned a level 3 spell: Ozocubu's Armour
  1446 | D:2      | Gained mutation: You have very sharp fingernails. [demonic
                  | ancestry]
  1446 | D:2      | Reached XP level 4. HP: 22/31 MP: 10/10
  1509 | D:2      | Reached skill level 1 in Fighting
  1869 | D:3      | Found an ancient bone altar of Kikubaaqudgha.
  2010 | D:3      | Reached skill level 1 in Air Magic
  2079 | D:3      | Found an iron altar of Okawaru.
  2101 | D:3      | Reached skill level 1 in Conjurations
  2189 | D:3      | Noticed a kobold brigand
  2194 | D:3      | Noticed a kobold brigand
  2347 | D:3      | HP: 1/32 [kobold brigand/+2 dagger of venom (2)]
  2348 | D:3      | Succumbed to a kobold brigand's poison

Illustrated notes

Levels and vault maps discovered:
D:1:      dpeg_arrival_rhombus, layout_basic, serial_shops,
          nicolae_shop_overgrown_old_shop
D:2:      cheibrodos_greedy_goblins, layout_basic,
          ebering_ecumenical_altar_mist, grunt_decor_cap, minmay_heptomino_o4
D:3:      cheibrodos_thug_alley, layout_loops_ring, okawaru_ov_weapons_minmay,
          lemuel_zombie_altar_kikubaaqudgha

Skill      XL: |  1  2  3  4 |
---------------+-------------+-----
Short Blades   | 3 |  3.3
Fighting       | 1 |  1.1
Air Magic      | 1 |  1.2
Conjurations   | 1 |  1.2
Dodging        | |  0.7
Stealth        | |  0.4
Shields        | |  1.1
Spellcasting   | |  4.5
Ice Magic      | |  0.7
Evocations     | |  1.0

Action                     |  1- 3 |  4- 6 || total
---------------------------+-------+-------++-------
  Melee: Short sword       |    38 |       ||    38
         Dagger            |    99 |   140 ||   239
   Cast: Shock             |    15 |     6 ||    21
    Use: Scroll            |       |     6 ||     6
         Potion            |       |     2 ||     2
   Stab: Sleeping          |       |     1 ||     1
 Armour: Robe              |    57 |    64 ||   121
  Dodge: Dodged            |    64 |    63 ||   127
  Block: Buckler           |    23 |    24 ||    47

Table legend: (Time is in decaauts)
 A = Elapsed time spent in this place.
 B = Non-inter-level travel time spent in this place.
 C = Inter-level travel time spent in this place.
 D = Time resting spent in this place.
 E = Time spent auto-exploring this place.
 F = Levels seen in this place.
 G = Mean time per level.
                   A        B        C        D        E       F      G
               +--------+--------+--------+--------+--------+-----+--------+
         Total |   2322 |   2291 |     31 |    284 |    855 |   3 |  774.0 |
       Dungeon |   2322 |   2291 |     31 |    284 |    855 |   3 |  774.0 |
               +--------+--------+--------+--------+--------+-----+--------+

Top non-repeatable levels by time:
     D:2: 1124 daAuts
     D:1: 696 daAuts
     D:3: 501 daAuts
